[Event "13th All African Rapid-ch Men 2024"]
[Site "Accra"]
[Date "2024.03.10"]
[Round "2.4"]
[White "KIGIGHA, Bomo Lovet"]
[Black "Akpa Prince"]
[Result "1-0"]
[ECO "E65"]
[WhiteElo "2231"]
[BlackElo "1845"]
[Annotator "TA"]
[PlyCount "140"]
[EventDate "2024.03.07"]
[EventType "rapid"]
[EventCountry "GHA"]
[SourceTitle "playchess.com"]
[Source "ChessBase"]
[SourceQuality "1"]
[TimeControl "900+10"]

1. Nf3 Nf6 2. c4 g6 3. g3 Bg7 4. Bg2 d6 5. O-O O-O 6. Nc3 c5 7. d4 cxd4 8. Nxd4 Na6 9. b3 Nc5 10. Bb2 Ne6 11. Nc2 Rb8 12. Ne3 a6 {[%emt 0:00:10] White is slightly better.} 13. Qd2 b5 14. Ncd5 bxc4 (14... Nxd5 $14 15. cxd5 Bxb2 16. Qxb2 Nc5) 15. Nxf6+ $16 (15. Nxc4 $6 Nxd5 16. Bxd5 Bxb2 17. Qxb2 Bb7 18. Bxe6 fxe6 $14) 15... exf6 16. Nxc4 Bb7 17. Qxd6 (17. Nxd6 Bxg2 18. Kxg2 a5 $16) (17. e4 $142) 17... Bxg2 18. Kxg2 Qc8 19. Qd5 {[%emt 0:00:37] White has more active pieces.} (19. Rfd1 $16) 19... Rd8 $14 20. Qf3 Ng5 21. Qf4 Re8 22. Bxf6 $2 (22. h4 $14 {keeps the upper hand.} Re4 23. Qd6) 22... Qb7+ $19 (22... Qc6+ 23. f3 Qxf6 (23... Bxf6 $2 24. Rae1 $19) 24. Rae1) 23. f3 $2 (23. e4 {is the only way for White.} Rxe4 (23... Qxe4+ 24. Qxe4 Nxe4 25. Bxg7 $16) 24. Nd6 Rxf4+ 25. Nxb7 Rxf6 26. Na5) 23... Rxe2+ 24. Kh1 Nh3 25. Qd4 Bxf6 26. Qxf6 Qa7 $2 (26... Nf2+ $1 $19 27. Kg1 Qa7 (27... Nh3+ $2 28. Kh1 $19)) 27. Ne5 $1 $11 (27. Rac1 $2 Nf2+ (27... Rxa2 28. Nb6 $15) 28. Kg1 Ng4+ $19 (28... Rxa2 29. Nb6 $15) (28... Rxa2 29. Nb6 $15)) 27... Nf2+ 28. Rxf2 $1 Rxf2 29. Nc6 Qb6 {[%emt 0:00:13] White must now prevent ...Rc2.} 30. Re1 $40 {[%emt 0:00:00][%mdl 128] Intending Ne7+ and mate. White mounts an attack.} Rxh2+ $1 31. Kxh2 Qf2+ 32. Kh3 {[%emt 0:00:00] White wants to mate with Ne7+.} Qxe1 33. Nxb8 Qh1+ $2 (33... h5 $1 $11 {and Black is okay.} 34. Kh4 (34. Nxa6 $2 Qh1#) 34... Qb4+ 35. Kh3 (35. Qf4 Qe7+ 36. Kh3 Qe1 $11) 35... Qe1) 34. Kg4 $18 h5+ (34... Qh5+ $142 35. Kf4 Qh6+ 36. Ke4 Qd2) 35. Kg5 {[%emt 0:00:00][%cal Og5h6] White threatens Kh6! and mate.} Qc1+ 36. f4 Qc5+ 37. Kh4 (37. Qe5 $142 Qc8 38. Qd6) 37... Qc8 38. f5 $1 (38. Qxa6 $2 Qg4#) 38... Qxb8 39. fxg6 {[%emt 0:00:00][%mdl 4096] Endgame. KQ-KQ} Qb4+ (39... fxg6 $142 40. Qxg6+ Kf8 41. Qf6+ (41. Qxa6 Qd8+ 42. Kxh5 Qd5+ 43. Kh4 Qe4+ 44. g4 Qe1+ 45. Kh5 Qe5+ 46. g5 Qh2+ 47. Kg6 Qc2+ 48. Kf6 Qf2+ 49. Ke6 Qe3+ 50. Kd7 Qe7+ 51. Kc6 Qe6+ 52. Kb7 Qe7+ 53. Kb8 Qe5+ 54. Ka8 Qe8+ 55. Ka7 Qf7+ 56. Kb8 Qf4+ 57. Ka8 Qxg5 $18) (41. Qxh5 Qb4+ 42. Kh3 Qe1 $18) (41. Kxh5 Qe5+ 42. Qg5 Qe8+ 43. Kh4 Qe6 $18) 41... Kg8 42. Qg5+ (42. Qxa6 Qd8+ 43. Kxh5 Qd5+ 44. Kh6 Qh1+ 45. Kg5 Qd5+ 46. Kf4 Qd4+ 47. Kf3 Qd5+ 48. Kf2 Qd4+ 49. Ke2 Qg4+ 50. Kd2 Qg5+ 51. Kc2 Qxg3 $18) (42. Kxh5 Qb7 $18) 42... Kf7 43. Qxh5+ Kg7 44. Qg4+ Kh7 45. Qf5+ Kg7 46. Qg4+ Kh8 47. Qh5+ Kg7 48. Qg4+) 40. Kg5 (40. Kxh5 $142 fxg6+ 41. Qxg6+ Kf8 42. Qf6+ (42. Qxa6 Qc5+ 43. Kg6 Qc2+ 44. Kf6 Qf2+ 45. Ke6 Qe3+ 46. Kd7 Kg7 $18) 42... Ke8 43. Qe6+ (43. Qxa6 Qc5+ 44. Kg4 Qd4+ 45. Kh3 Qd7+ 46. g4 Qh7+ 47. Kg3 Qc7+ 48. Kf3 Qc3+ 49. Ke4 Qe1+ 50. Kd4 Qd2+ 51. Qd3 Qxa2 $18) 43... Kd8 44. g4 (44. Qxa6 Qc5+ 45. Kg4 Qd4+ 46. Kh3 Qh8+ 47. Kg2 Qb2+ 48. Kf3 Qc3+ 49. Ke4 Qe1+ 50. Kd5 Qd2+ 51. Kc6 Qg2+ 52. Kb6 Qxg3 $18)) 40... Qc5+ 41. Kh6 Qc1+ $2 (41... Qe3+ $18 42. Kxh5 Qe2+ 43. Kh6 Qh2+ 44. Qh4 Qd2+ 45. Qf4 Qh2+ 46. Kg5 fxg6) 42. Kxh5 $2 (42. Qg5 $1 Qxg5+ 43. Kxg5 fxg6 44. Kxg6 Kh8 45. Kxh5 Kg7 46. g4 Kh7 47. g5) 42... Qh1+ 43. Kg5 Qc1+ $2 (43... Qd5+ $18 44. Qf5 Qd2+ 45. Kg4 Qe2+ 46. Kh3 fxg6 47. Qxg6+ Kf8) 44. Qf4 Qc5+ 45. Qf5 $2 (45. Kg4 $1 {mates} fxg6 46. Qc4+ Qxc4+ 47. bxc4 Kg7 48. Kg5 Kf7 49. g4 (49. c5 Ke7 50. Kxg6 Ke6 51. g4 Ke5 52. g5 Ke6 53. c6 Kd6) 49... Kg7 50. c5) 45... Qe7+ 46. Kg4 Qe2+ 47. Kh4 ({Better is} 47. Kh3 $18 fxg6 48. Qxg6+ Kf8 49. Qd6+ Ke8 50. Qb8+ Kd7 51. Qf4 Qxa2 52. Qf5+ Ke8 53. Qe4+ Kd8 54. Qh4+ Kc7 55. Qe7+ Kc6 56. Qe4+ Kd6 57. Qd4+ Ke7 58. Qe3+ Kf7 59. Kh4) 47... Qe7+ (47... Qh2+ $16 {was necessary.} 48. Kg4 Qe2+ 49. Kh3 fxg6 50. Qxg6+ Kh8) 48. Kh5 {[%emt 0:00:17] Threatening mate with Qxf7+.} Qe2+ 49. g4 (49. Qg4 $1 $18 Qxa2 50. Qc4 Qh2+ 51. Kg4) 49... Qh2+ $16 50. Kg5 Qd2+ 51. Qf4 Qd8+ 52. Kh5 Qd5+ 53. Kh6 {[%emt 0:00:15] Qb8+ would kill now.} Qh1+ 54. Kg5 Qd5+ 55. Qf5 ({White should play} 55. Kh4 $1 $16 Qh1+ 56. Kg3 Qg1+ 57. Kh4 Qh1+ 58. Kg3 Qg1+ 59. Kf3 Qf1+ 60. Ke4 Qb1+ 61. Ke3 Qxg6 62. Kd2) 55... Qd2+ $11 56. Qf4 (56. Kh5 $5 Qh2+ $8 57. Kg5 Qd2+ $11) 56... Qd8+ {[%emt 0:00:02] [#]} (56... Qd5+ $11 {remains equal.} 57. Qf5 Qd2+) 57. Qf6 (57. Kh5 $6 Qd5+ 58. Qf5 Qh1+ 59. Kg5 Qc1+ 60. Kf6 Qc3+ 61. Kg5 Qd2+ $11) (57. Kf5 $1 $16) 57... Qd5+ {[%emt 0:00:02] [#]} (57... Qd2+ $1 $11 58. Qf4) 58. Kh4 $2 (58. Kf4 $1 $18 Qd2+ 59. Ke4 Qg2+ 60. Ke3 fxg6 61. Qxg6+ (61. Qxa6 Qg3+ 62. Kd2 Qf4+ 63. Kc3 Qe5+ 64. Kc2 Qh2+ 65. Kd1 Qg1+ 66. Kd2 Qd4+ 67. Qd3 Qb4+ 68. Ke3 Qc5+ 69. Kd2 Qb4+ 70. Kc2 Qxg4 $18) 61... Kh8 62. Qh6+ (62. Qxa6 Qg3+ 63. Kd2 Qf4+ 64. Kc3 Kg7 $14) 62... Kg8 63. Qg6+ (63. Qxa6 Qg3+ 64. Kd2 Kg7 $16) 63... Kh8 64. Qxa6 Qg3+ 65. Kd2 Qxg4 66. Qf6+ Kh7 67. Qe7+ Kg8 68. Qe8+ Kh7 69. Qf7+ Kh6 70. Qf6+ Kh7 71. Qf7+ Kh8 72. Qf6+ Kg8 73. a3) 58... Qh1+ 59. Kg3 Qg1+ $1 60. Kf4 Qf1+ $2 (60... Qf2+ $1 $11 {and Black stays safe.} 61. Kg5 Qd2+ 62. Qf4) 61. Kg5 $18 Qc1+ 62. Qf4 Qc5+ 63. Kh4 fxg6 $2 (63... Qe7+ 64. Kh5 Qc5+ 65. g5 fxg6+ 66. Kh6 (66. Kxg6 Qc6+ 67. Kh5 Qh1+ 68. Kg4 Qd1+ 69. Kf5 Qd7+ 70. Ke4 Qb5 $16) 66... Qe7 67. Qb8+ (67. Kxg6 Qe6+ 68. Qf6 Qd7 $11) 67... Kf7) 64. Qf6 $2 (64. Qc4+ $18 Qxc4 65. bxc4 Kg7 66. Kg5 Kf7 67. Kh6 (67. c5 Ke6 68. Kxg6 Ke5 69. c6 Ke6 70. g5 Kd6 71. Kf6 Kxc6) 67... Kf6 68. g5+ Kf5 69. c5) 64... Qc2 (64... Kh7 $16 {is a better defense.}) 65. Kg5 (65. Qxa6 $18 {aiming for Qc4+.} Qh2+ 66. Kg5 Qe5+ 67. Kxg6 Qe4+ 68. Kh5 Qe5+ 69. g5 Qh2+ 70. Kg6 Qc2+ 71. Kf6 Qf2+ 72. Ke6) 65... Kh7 $2 (65... Qxa2 $16 66. Qd8+ (66. Kxg6 Qc2+ 67. Qf5 Qc6+ 68. Kh5 Qh1+ 69. Kg5 Qc1+ 70. Qf4 Qc6 $11) (66. Qxg6+ Kf8 $16) 66... Kg7) 66. Qf7+ {[%emt 0:00:05] White mates.} ({Weaker is} 66. Qxa6 Qd2+ 67. Kf6 Qf4+ 68. Ke7 Qxg4 $11) 66... Kh8 67. Kh6 ({Worse is} 67. Qxg6 Qd2+ 68. Kf6 Qd6+ 69. Kg5 Qd2+ 70. Kf6 Qd6+ 71. Kf7 Qd7+ 72. Kf6 Qd6+ $11) 67... Qh2+ 68. Kxg6 Qc2+ 69. Qf5 Qc6+ 70. Qf6+ Qxf6+ {[%emt 0:00:10] Weighted Error Value: White=0.79/Black=0.83.  Loses game:     	White=1     	Black=5      Missed win:     	White=2     	Black=1      Mistake:       	White=9     	Black=8      Inaccurate:     	---       	Black=1      OK:         	White=10    	Black=12     Best:        	White=9     	Black=12     Strong:       	White=2     	Black=2} 1-0

[Event "13th All African Rapid-ch Men 2024"]
[Site "Accra"]
[Date "2024.03.10"]
[Round "2.5"]
[White "Paiva, Donaldo"]
[Black "Silva, David"]
[Result "1-0"]
[ECO "E63"]
[WhiteElo "2172"]
[BlackElo "2358"]
[Annotator "TA"]
[PlyCount "83"]
[EventDate "2024.03.07"]
[EventType "rapid"]
[EventCountry "GHA"]
[SourceTitle "playchess.com"]
[Source "ChessBase"]
[SourceQuality "1"]
[TimeControl "900+10"]

1. d4 Nf6 2. c4 g6 3. g3 Bg7 4. Bg2 O-O 5. Nc3 d6 6. Nf3 Nc6 7. O-O a6 8. Bf4 Bf5 9. Rc1 Ne4 10. Nd5 (10. Nxe4 $14 Bxe4 11. d5 Bxf3 12. Bxf3) 10... Bd7 {[%emt 0:01:09] The position is equal.} 11. Qd3 f5 12. Rfd1 e6 13. Nc3 g5 14. Be3 g4 15. Ne1 Nxc3 16. Qxc3 a5 17. Nd3 Kh8 18. Nf4 Qe8 {[%emt 0:00:15] Prevents Nh5.} 19. Qd2 Nd8 20. c5 (20. h3 $16) 20... d5 $14 21. f3 {[%emt 0:00:44] White is much more active.} (21. h3 $14 {is superior.}) 21... Nc6 22. Rf1 a4 23. Bf2 h5 24. h3 Ne7 25. hxg4 hxg4 ({Better is} 25... fxg4 $14 26. fxg4 hxg4) 26. fxg4 fxg4 27. e4 {[%emt 0:00:02] Rce1 is the strong threat.} c6 (27... Rf6 $1 $14) 28. Be3 $18 dxe4 29. Bxe4 {[%emt 0:00:03] [#] Threatening mate with Qh2+.} Nf5 30. Kg2 Kg8 31. Rh1 $2 (31. Rce1 $16) 31... e5 $15 32. dxe5 Qxe5 33. Qd3 Qxb2+ (33... a3 $15 34. Bd2 axb2) 34. Bf2 $14 {[%emt 0:00:11] [#] Threatens to win with Rb1. Really sharp!} Be6 $2 35. Nxe6 $18 Nh4+ 36. Rxh4 (36. gxh4 $2 Qxf2#) 36... Rxf2+ 37. Kg1 Rg2+ (37... Qxc1+ $18 38. Kxf2 Qb2+ 39. Ke3 Qc1+ 40. Ke2 Qb2+ 41. Qc2 Qxc2+ 42. Bxc2 Bf6 43. Rxg4+ Kf7) 38. Bxg2 {[%emt 0:00:11] White mates.} Qxc1+ 39. Kh2 Qc3 40. Qh7+ Kf7 41. Nxg7 ({Worse is} 41. Rxg4 Rh8 42. Ng5+ (42. Rxg7+ $2 {perishes.} Qxg7 43. Bh3 Qxh7 $19) 42... Ke7 43. Re4+ Kf8 44. Rf4+ Ke8 45. Re4+ Kf8 46. Ne6+ (46. Rf4+ Ke8 $11) 46... Kf7 47. Ng5+ Kf8 $11) 41... Qxg7 42. Qf5+ {[%emt 0:00:02] Weighted Error Value: White=0.21 (precise) /Black=0.66.  Loses game:     	---       	Black=1      Mistake:       	White=4     	Black=4      Inaccurate:     	White=1     	Black=4      OK:         	White=7     	Black=7      Best:        	White=7     	Black=3} 1-0

[Event "13th All African Rapid-ch Men 2024"]
[Site "Accra"]
[Date "2024.03.10"]
[Round "2.6"]
[White "Rongwane, Gomolemo"]
[Black "Asabri, Hussien"]
[Result "1-0"]
[ECO "A49"]
[WhiteElo "2021"]
[BlackElo "2196"]
[Annotator "RC"]
[PlyCount "65"]
[EventDate "2024.03.07"]
[EventType "rapid"]
[EventCountry "GHA"]
[SourceTitle "playchess.com"]
[Source "ChessBase"]
[SourceQuality "1"]
[TimeControl "900+10"]

1. d4 Nf6 2. Nf3 g6 3. g3 Bg7 4. Bg2 O-O 5. O-O d6 6. Nc3 a6 7. e4 Bg4 8. h3 Bxf3 9. Bxf3 Nc6 10. Nb1 Nd7 11. c3 e5 12. Be3 exd4 13. cxd4 Qf6 14. Nc3 Nxd4 15. Bg2 c6 16. f4 Rfe8 17. Qd2 Nb5 18. Rac1 Rad8 19. Qf2 Qe7 20. Rfe1 Nc5 21. Bxc5 dxc5 22. e5 f6 23. f5 fxe5 24. fxg6 e4 25. Nxb5 axb5 26. Kh2 hxg6 27. Rxe4 Qf6 28. Rf4 Qxb2 29. Rc2 Qe5 30. Rxc5 Qe3 31. Qc2 Rd2 32. Qxg6 Re7 33. Rcf5 1-0

[Event "13th All African Rapid-ch Men 2024"]
[Site "Accra"]
[Date "2024.03.10"]
[Round "2.7"]
[White "Fomevor, Cephas Clinton"]
[Black "Wanyama, Harold"]
[Result "0-1"]
[ECO "D35"]
[WhiteElo "1887"]
[BlackElo "2226"]
[Annotator "TA"]
[PlyCount "73"]
[EventDate "2024.03.07"]
[EventType "rapid"]
[EventCountry "GHA"]
[SourceTitle "playchess.com"]
[Source "ChessBase"]
[SourceQuality "1"]
[TimeControl "900+10"]

1. d4 d5 2. c4 e6 3. cxd5 exd5 4. Nc3 c6 5. Nf3 Bf5 6. Bg5 Nf6 7. e3 Be7 8. Bd3 Ne4 (8... Bxd3 $11 9. Qxd3 Nbd7) 9. Bf4 $14 O-O 10. O-O Nd7 11. Rc1 Re8 12. a3 Bf8 13. Na4 Bg6 14. b4 a5 15. Nc5 axb4 16. axb4 b6 (16... Ra3 $11) 17. Na6 Rc8 18. Qb3 b5 19. Rc2 Nb6 20. Nc5 Nc4 21. Bxe4 (21. Ra2 {looks sharper.} Ra8 22. Rfa1 Rxa2 23. Rxa2 Qc8 24. Be2) 21... Bxe4 22. Nxe4 dxe4 23. Ne5 Nxe5 24. Bxe5 Qd5 25. Qb1 Ra8 26. Rfc1 Ra6 27. Bc7 Re6 28. Ba5 h5 29. Rc3 h4 30. h3 Rg6 31. R1c2 $2 {[%emt 0:00:29] [#]} (31. Qc2 $11) 31... Kh7 $2 (31... Qf5 $19 32. Kh2 Bd6+ 33. Kh1 Kh7) 32. Qf1 f5 33. Kh1 Bd6 34. Qe2 Kh6 35. Qe1 f4 {[%emt 0:01:24] [#]} (35... Be7 $11 {might be stronger.}) 36. f3 $1 {[%emt 0:00:16][%cal Oc3c5] Rc5! is the strong threat.} Rg3 37. exf4 {[%emt 0:00:36][%mdl 32768] Weighted Error Value: White=0.23 (precise) /Black=0.22 (precise) .  Loses game:     	White=1     	---        Missed win:     	---       	Black=1      Mistake:       	---       	Black=2      Inaccurate:     	White=6     	Black=1      OK:         	White=4     	Black=7      Best:        	White=2     	---       . Loss on time!?} 0-1

[Event "13th All African Rapid-ch Men 2024"]
[Site "Accra"]
[Date "2024.03.10"]
[Round "2.8"]
[White "Yacouba, Souley Moussa"]
[Black "Pereira, Sergio Murilo de Ara"]
[Result "0-1"]
[ECO "D02"]
[WhiteElo "1645"]
[BlackElo "2115"]
[Annotator "ChessBase"]
[PlyCount "62"]
[EventDate "2024.03.07"]
[EventType "rapid"]
[EventCountry "GHA"]
[SourceTitle "playchess.com"]
[Source "ChessBase"]
[SourceQuality "1"]
[TimeControl "900+10"]

1. d4 d5 2. Bf4 Nf6 3. e3 c5 4. c3 Nc6 5. Nf3 Qb6 6. Qb3 c4 7. Qxb6 axb6 8. h3 Bf5 9. Nbd2 h6 10. Be2 b5 11. O-O e6 12. a3 Nd7 13. Nh4 Bh7 14. Bh2 Nb6 15. Nhf3 Na4 16. Ra2 Be7 17. Be5 O-O 18. Rc1 Nxb2 19. Nb1 Na4 20. Bd1 Bxb1 21. Ra1 Bh7 22. Bg3 Bg6 23. Nd2 Ra6 24. Nb1 Rfa8 25. Bc7 Nb2 26. Bc2 Nd3 27. Bxd3 Bxd3 28. Be5 Nxe5 29. dxe5 Bxa3 30. Nxa3 Rxa3 31. Kh2 Rxa1 0-1

[Event "13th All African Rapid-ch Men 2024"]
[Site "Accra"]
[Date "2024.03.10"]
[Round "2.9"]
[White "Cogan, Nicolas"]
[Black "Ntamatungiro, Wilfried"]
[Result "1-0"]
[ECO "A41"]
[WhiteElo "2070"]
[BlackElo "1905"]
[Annotator "ChessBase"]
[PlyCount "125"]
[EventDate "2024.03.07"]
[EventType "rapid"]
[EventCountry "GHA"]
[SourceTitle "playchess.com"]
[Source "ChessBase"]
[SourceQuality "1"]
[TimeControl "900+10"]

1. d4 d6 2. c4 c6 3. Nc3 Qc7 4. e4 e5 5. d5 Nf6 6. h3 Be7 7. Bd3 O-O 8. Nge2 Re8 9. Be3 Nbd7 10. O-O Nf8 11. b4 Ng6 12. Qd2 Nh5 13. Rac1 Bd7 14. c5 Rad8 15. a3 Nh4 16. f3 Qc8 17. cxd6 Bxh3 18. dxe7 Rd6 19. Bg5 Nxg2 20. Kf2 Rg6 21. Rh1 h6 22. Rcg1 Rxg5 23. d6 Qe6 24. Bb1 a5 25. Ba2 Qd7 26. Rh2 Ngf4 27. Rxg5 hxg5 28. Bc4 b5 29. Ba2 a4 30. Ng3 Qa7+ 31. Qe3 Nd3+ 32. Ke2 Nxg3+ 33. Kxd3 Bf1+ 34. Kd2 Qd7 35. Qc5 Bc4 36. Bxc4 bxc4 37. Kc1 g4 38. Qxe5 Nf1 39. Rh1 f6 40. Qd4 Ne3 41. Qxe3 Qxd6 42. fxg4 Rxe7 43. Rd1 Qh2 44. Rd8+ Kf7 45. Rd2 Qh1+ 46. Kb2 Qf1 47. Qe2 Qf4 48. Qxc4+ Kg6 49. Qd3 Qxg4 50. e5+ Kf7 51. exf6 gxf6 52. Nxa4 Re1 53. Qd7+ Qxd7 54. Rxd7+ Ke6 55. Nc5+ Kf5 56. a4 Re2+ 57. Kc3 Re1 58. a5 Rc1+ 59. Kb2 Rc4 60. Kb3 Rc1 61. a6 Ra1 62. a7 Ke5 63. Na4 1-0

[Event "13th All African Rapid-ch Men 2024"]
[Site "Accra"]
[Date "2024.03.10"]
[Round "2.10"]
[White "Pedro Manuel Envo Engonga Avom"]
[Black "Oluka Robert Mcligeyo"]
[Result "1-0"]
[ECO "B30"]
[WhiteElo "1702"]
[BlackElo "2041"]
[Annotator "ChessBase"]
[PlyCount "105"]
[EventDate "2024.03.07"]
[EventType "rapid"]
[EventCountry "GHA"]
[SourceTitle "playchess.com"]
[Source "ChessBase"]
[SourceQuality "1"]
[TimeControl "900+10"]

1. e4 c5 2. Nc3 Nc6 3. Nf3 e5 4. b3 d6 5. Nd5 Be7 6. Nxe7 Ngxe7 7. Bb2 O-O 8. Bc4 Bg4 9. h3 Bh5 10. g4 Bg6 11. Qe2 a6 12. Nh4 Nd4 13. Bxd4 cxd4 14. a4 Rc8 15. d3 d5 16. exd5 Nxd5 17. Nxg6 hxg6 18. Qe4 Qa5+ 19. Kf1 Rfd8 20. Kg1 Qc5 21. Qxe5 b5 22. axb5 axb5 23. Ra5 Nc3 24. Qxc5 Rxc5 25. b4 Re5 26. Kg2 Rde8 27. Bb3 R8e7 28. Ra6 Kh7 29. Rd6 Ne2 30. Rf1 g5 31. Kh2 f6 32. Re1 Kg6 33. Rd5 Rxd5 34. Bxd5 Kh6 35. Bf3 Rc7 36. Rxe2 Rc3 37. Bb7 Ra3 38. Bc6 Ra6 39. Bxb5 Rb6 40. Bc4 Rxb4 41. Re4 Rb2 42. Bb3 Rb1 43. Rxd4 Rd1 44. Kg2 Rd2 45. c4 Rb2 46. Ba4 Rb4 47. Bb5 Rb2 48. Rd8 g6 49. d4 Rb4 50. d5 Rb2 51. d6 Rd2 52. d7 Kg7 53. Re8 1-0

[Event "13th All African Rapid-ch Men 2024"]
[Site "Accra"]
[Date "2024.03.10"]
[Round "2.11"]
[White "Mahamat Hachim Bachar"]
[Black "Frempong-Smart Daniel"]
[Result "0-1"]
[ECO "C11"]
[WhiteElo "1843"]
[BlackElo "1877"]
[Annotator "NA"]
[PlyCount "78"]
[EventDate "2024.03.07"]
[EventType "rapid"]
[EventCountry "GHA"]
[SourceTitle "playchess.com"]
[Source "ChessBase"]
[SourceQuality "1"]
[TimeControl "900+10"]

1. e4 Nf6 2. Nc3 d5 3. e5 Nfd7 4. d4 e6 5. Nf3 c5 6. Be3 Nc6 7. Bb5 Qb6 8. Bxc6 bxc6 9. Na4 Qa5+ 10. c3 cxd4 11. Qxd4 Ba6 12. b3 Ba3 13. Qg4 Kf8 14. Bd2 Qc7 15. Qg3 Bb5 16. c4 Bxa4 17. bxa4 Bb2 18. Rb1 Bxe5 19. Nxe5 Qxe5+ 20. Qxe5 Nxe5 21. cxd5 cxd5 22. O-O Nc4 23. Bc3 d4 24. Bb4+ Ke8 25. Rfc1 Rc8 26. Be1 e5 27. Rb7 h5 28. Rxc4 Rxc4 29. Rb8+ Ke7 30. Rxh8 Rc1 31. Kf1 d3 32. Rxh5 f6 33. Rh7 d2 34. g3 dxe1=Q+ 35. Kg2 Qf1+ 36. Kf3 Qd3+ 37. Kg2 Qxh7 38. h4 Qe4+ 39. Kh3 Rh1# 0-1

[Event "13th All African Rapid-ch Men 2024"]
[Site "Accra"]
[Date "2024.03.10"]
[Round "3.1"]
[White "KIGIGHA, Bomo Lovet"]
[Black "Amin, Bassem"]
[Result "0-1"]
[ECO "A49"]
[WhiteElo "2231"]
[BlackElo "2670"]
[Annotator "TA"]
[PlyCount "64"]
[EventDate "2024.03.07"]
[EventType "rapid"]
[EventCountry "GHA"]
[SourceTitle "playchess.com"]
[Source "ChessBase"]
[SourceQuality "1"]
[TimeControl "900+10"]

1. Nf3 Nf6 2. g3 g6 3. Bg2 Bg7 4. d4 O-O 5. O-O d6 6. b3 e5 7. dxe5 dxe5 8. Bb2 e4 9. Qxd8 Rxd8 10. Ng5 Bf5 11. Na3 h6 12. Nh3 (12. Rad1 $11 {hält das Gleichgewicht.} Nbd7 (12... Rxd1 13. Rxd1 hxg5 14. Rd8+ Kh7 15. Nb5 $11) 13. Nh3) 12... Nc6 $17 13. Rad1 g5 {[%emt 0:01:38] Wehrt Nf4 ab} (13... Nb4 $17 14. Nc4 Nfd5 (14... Nxa2 15. Nf4 $17) 15. Bxg7 Kxg7) 14. Nb5 a6 ({Besser ist} 14... Rac8 $17 {Mit der Idee ...a6.} 15. Rxd8+ Rxd8) 15. Nxc7 $11 Rac8 {[%emt 0:00:02] Droht stark ...Rxd1.} 16. Bxf6 Bxf6 17. Nd5 Bg7 {[%emt 0:00:07][%mdl 1024] Schwarz hat Kompensation.} 18. e3 $2 (18. Kh1 $11 {und Weiss ist OK.}) 18... Bg4 $36 {[%emt 0:00:08][%mdl 2048] Schwarz bestimmt, wo es lang geht.} 19. Rd2 Kf8 {[%emt 0:00:18] Schwarz steht aktiver.} (19... Bc3 20. Nxc3 Rxd2 21. Nxe4 Rxc2 22. Nf6+ Kg7 23. Nxg4 $11) 20. c4 Ne5 (20... b5 $1 $19 {...bxc4 ist eine echte Drohung.} 21. Rc2 Ne5) 21. Kh1 $17 b5 22. Ng1 Nf3 $1 23. Bxf3 ({Vergiftet wäre} 23. Nxf3 $2 exf3 24. Rc1 fxg2+ 25. Kxg2 Be6 $19) 23... exf3 24. h3 $2 {[%emt 0:00:02] Der Zug kostet die Partie für Weiß.} (24. e4 $17 {war nötig.}) 24... Bf5 $1 $19 25. Rfd1 (25. Rc1 $142) 25... bxc4 26. bxc4 Rxc4 27. Nxf3 {[%emt 0:01:52][%cal Od5e7] [#]} Be4 $1 {[%emt 0:00:00] Das Läuferpaar ist gut.} ({Nicht} 27... Bxh3 28. Nf4 Rxd2 29. Nxd2 $17) 28. Kg2 h5 {[%emt 0:00:00][%cal Bh6h5,Bh5h4][%mdl 32] Droht ...g4 und aus.} 29. g4 f5 (29... Rd6 $19 {...hxg4 wäre nun fies.} 30. gxh5 Rc5) 30. Kg3 {[%emt 0:00:03] [#]} (30. gxh5 $2 {zu gefräßig.} g4 31. Kg3 gxf3 $19 (31... Bxf3 $2 32. Nf4 $19)) (30. Nb6 $17 Rxd2 31. Rxd2) 30... h4+ $1 31. Kg2 $2 (31. Nxh4 gxh4+ 32. Kxh4 fxg4 33. Nf4 Rxd2 34. Rxd2 gxh3 35. Kxh3) 31... fxg4 32. hxg4 Rc6 {[%emt 0:00:00] Wehrt Nb6 ab.   Gewichteter Fehlerwert: Weiß=0.60/Schwarz=0.20 (präzise) .  Verlustzug:     	Weiß=2     	---        Fehler:       	Weiß=4     	Schwarz=4     Ungenau:       	Weiß=1     	---        OK:         	Weiß=5     	Schwarz=6     Bester:       	Weiß=2     	Schwarz=2     Stark:        	---       	Schwarz=4} 0-1

[Event "13th All African Rapid-ch Men 2024"]
[Site "Accra"]
[Date "2024.03.10"]
[Round "3.2"]
[White "Paiva, Donaldo"]
[Black "Arab, Adlane"]
[Result "1-0"]
[ECO "D35"]
[WhiteElo "2172"]
[BlackElo "2477"]
[Annotator "TA"]
[PlyCount "69"]
[EventDate "2024.03.07"]
[EventType "rapid"]
[EventCountry "GHA"]
[SourceTitle "playchess.com"]
[Source "ChessBase"]
[SourceQuality "1"]
[TimeControl "900+10"]

1. d4 Nf6 2. c4 e6 3. Nf3 d5 4. Nc3 Nbd7 5. cxd5 exd5 6. Bf4 c6 7. e3 Be7 8. h3 O-O 9. Bd3 Re8 10. Qc2 Nf8 11. O-O Ng6 12. Bh2 Bd6 13. Bxd6 Qxd6 14. Rab1 Bd7 15. b4 Rac8 16. Rfc1 Qe7 17. b5 {[%emt 0:00:00] White is slightly better.} c5 18. dxc5 Rxc5 19. Qb3 Rec8 20. Ne2 Ne4 21. Rxc5 Nxc5 22. Qa3 (22. Qxd5 $2 {loses.} Be6 23. Qd4 Rd8 $19 (23... Bxa2 24. Rc1 $11)) 22... Nxd3 23. Qxd3 Qe4 24. Qb3 Qc4 ({Avoid the trap} 24... Bxh3 $2 25. Ng3 Qg4 26. Qd1 $18 (26. gxh3 Qxf3 27. e4 dxe4 $19)) 25. Ned4 Qxb3 26. Rxb3 Ne7 (26... b6 $11 {is more appropriate.}) 27. Ra3 Rc1+ 28. Kh2 Nc8 29. Ne5 Be8 30. Nd3 {[%emt 0:00:00] A dynamic duo of knights.} Rc4 (30... Rb1 $11 {keeps the balance.}) 31. Nf4 $36 {[%emt 0:00:00][%mdl 2048] Keeping Black busy.} Rc5 {[%emt 0:00:00] [#]} 32. Nd3 {[%emt 0:00:00] White is more active.} (32. b6 $1 $16 a5 33. Nd3) 32... Rc4 $14 33. h4 Kf8 34. Nf4 (34. g4 $16) 34... Rc5 $2 {[%emt 0:00:00][%mdl 8192] [#]} (34... Rb4 $1 $11 {and Black is okay.}) 35. Nfe6+ $1 {[%emt 0:00:00][%mdl 512] Weighted Error Value: White=0.18 (very precise) /Black=0.36.  Loses game:     	---       	Black=1      Mistake:       	White=2     	Black=2      Inaccurate:     	White=2     	Black=2      OK:         	White=8     	Black=5      Best:        	White=1     	Black=2} 1-0